 Dungeon Crawl Stone Soup version 0.30-a0-618-gd6c86c23d0 (webtiles) character file.

Game seed: 11363875596582853437

73 Leeroy the Sneak (level 4, -2/24 HPs)
             Began as a Kobold Enchanter on Jan 9, 2023.
             Slain by an orc
             ... wielding a +0 hand axe
              (5 damage)
             ... on level 3 of the Dungeon.
             The game lasted 00:02:25 (2008 turns).

Leeroy the Sneak (Kobold Enchanter)                 Turns: 2008, Time: 00:02:26

Health: -2/24      AC:  3    Str:  5    XL:     4   Next: 51%
Magic:  1/7        EV: 15    Int: 16    God:
Gold:   98         SH:  0    Dex: 17    Spells: 2/7 levels left

rFire   . . .      SeeInvis .    a - +1 dagger
rCold   . . .      Faith    .    (no shield)
rNeg    . . .      Spirit   .    b - +0 robe
rPois   .          Reflect  .    (no helmet)
rElec   .          Harm     .    (no cloak)
rCorr   .          Rampage  .    n - +0 pair of gloves
Will    .....                    (no boots)
Stlth   +++++                    (no amulet)
HPRegen 0.24/turn                (no ring)
MPRegen 0.10/turn                (no ring)

@: mighty
A: small, no large weapons, nightstalker 3
a: no special abilities


You were on level 3 of the Dungeon.
You visited 1 branch of the dungeon, and saw 3 of its levels.

You collected 98 gold pieces.

Inventory:

Hand Weapons
 a - a +1 dagger (weapon)
 g - a +0 rapier
Armour
 b - a +0 robe (worn)
 n - a +0 pair of gloves (worn)
Jewellery
 m - a ring of resist corrosion
Scrolls
 d - 2 scrolls of enchant weapon {unknown}
 f - 3 scrolls of magic mapping {unknown}
 h - 2 scrolls of teleportation {unknown}
 j - 2 scrolls of identify {unknown}
 o - a scroll of vulnerability {unknown}
 q - a scroll of blinking {unknown}
 r - a scroll of immolation {unknown}
Potions
 c - 2 potions of invisibility
 i - a potion of brilliance {unknown}
 k - a potion of berserk rage {unknown}
 l - a potion of degeneration {unknown}
 p - a potion of heal wounds {unknown}


   Skills:
 - Level 1.3 Short Blades
 - Level 2.4 Dodging
 + Level 7.0 Stealth
 - Level 2.1 Spellcasting
 - Level 3.0 Hexes


You had 2 spell levels left.
You knew the following spells:

 Your Spells              Type           Power      Damage    Failure   Level
a - Ensorcelled Hibernat  Hex/Ice        12%        N/A       17%         2
b - Tukima's Dance        Hex            11%        N/A       19%         3

Your spell library contained the following spells:

 Spells                   Type           Power      Damage    Failure   Level
 Confusing Touch          Hex            11%        N/A       19%         3
 Dazzling Flash           Conj/Hex       12%        N/A       32%         3
 Ozocubu's Armour         Ice            1%         N/A       52%         3
 Metabolic Englaciation   Hex/Ice        3%         N/A       97%         5
 Simulacrum               Ice/Necr       0%         N/A       100%        6


Dungeon Overview and Level Annotations

Branches:
Dungeon (3/15)

Altars:


Innate Abilities, Weirdness & Mutations

You are small and have problems with some larger weapons.
You are completely attuned to the shadows.


Message History

The puff of flame hits you!
The orc wizard gestures wildly while chanting.
The orc wizard flickers and vanishes!
Deactivating autopickup; reactivate with Ctrl-A.
Cast which spell? (? or * to list)
Aiming: Ensorcelled Hibernation (safe; 17% risk of failure)
Press: ? - help, Shift-Dir - straight line, f - orc wizard
Aim: an orc wizard, wielding a +0 dagger and wearing a +0 robe (chance to affect: 39%)
The orc wizard looks drowsy...
The helpless orc wizard fails to defend itself.
You impale the orc wizard!!
You kill the orc wizard!
Your Stealth skill increases to level 7!
Casting: Ensorcelled Hibernation (safe; 17% risk of failure)
Confirm with . or Enter, or press ? or * to list all spells.
Aiming: Ensorcelled Hibernation (safe; 17% risk of failure)
Press: ? - help, Shift-Dir - straight line, f - orc
Aim: an orc, wielding a +0 hand axe (chance to affect: 57%)
The orc resists with significant effort.
The orc closely misses you.
Casting: Ensorcelled Hibernation (safe; 17% risk of failure)
Confirm with . or Enter, or press ? or * to list all spells.
Aiming: Ensorcelled Hibernation (safe; 17% risk of failure)
Press: ? - help, Shift-Dir - straight line, f/p - orc
Aim: an orc, wielding a +0 hand axe (chance to affect: 57%)
The orc resists with significant effort.
The orc hits you with a +0 hand axe.
You hit the orc.
The orc is lightly wounded.
The orc hits you with a +0 hand axe.
* * * LOW HITPOINT WARNING * * *
Okay, then.
The orc attacks as you move away! The orc hits you with a +0 hand axe.
* * * LOW HITPOINT WARNING * * *
It was a potion of might.
You feel very mighty all of a sudden. Something hits you.
* * * LOW HITPOINT WARNING * * *
The orc hits you with a +0 hand axe.
You die...

#..# #.##
#.# #†#
#.# # #.#
.. #.#
...#o#####
...>.@{o..
...#######
... ##


You could see 2 orcs.

Vanquished Creatures
  An orc wizard (D:3)
  2 worms (D:2)
  A dart slug (D:2)
  4 ball pythons
  A bat (D:1)
  An endoplasm (D:2)
  5 goblins
  5 hobgoblins
  7 jackals (D:1)
  5 kobolds
  2 quokkas (D:2)
  2 rats
36 creatures vanquished.

Vanquished Creatures (others)
  3 plants (D:3)
3 creatures vanquished.

Grand Total: 39 creatures vanquished

Notes
Turn   | Place    | Note
-------+----------+-------------------------------------------
     0 | D:1      | Leeroy the Kobold Enchanter began the quest for the Orb.
     0 | D:1      | Reached XP level 1. HP: 10/10 MP: 3/3
   149 | D:1      | Reached XP level 2. HP: 13/15 MP: 5/5
   178 | D:1      | Reached skill level 5 in Stealth
   400 | D:1      | Reached XP level 3. HP: 19/19 MP: 6/6
  1147 | D:2      | Reached skill level 6 in Stealth
  1248 | D:2      | Found a faded altar of an unknown god.
  1489 | D:2      | Learned a level 2 spell: Ensorcelled Hibernation
  1493 | D:2      | Learned a level 3 spell: Tukima's Dance
  1990 | D:3      | Reached XP level 4. HP: 24/24 MP: 7/7
  2003 | D:3      | Reached skill level 7 in Stealth
  2008 | D:3      | Slain by an orc

Illustrated notes

Levels and vault maps discovered:
D:1:      psy_arrival_whirlpool, layout_basic
D:2:      layout_loops_cross, shapermc_ecumenical_altar_petra
D:3:      layout_basic, nicolae_hepliaklqana_hazy_memory

Skill      XL: |  1  2  3  4 |
---------------+-------------+-----
Stealth        | 5 6 7 |  7.0
Short Blades   | |  1.3
Dodging        | |  2.4
Spellcasting   | |  2.1
Hexes          | |  3.0

Action                   |  1- 3 |  4- 6 || total
-------------------------+-------+-------++-------
Melee: Dagger            |   113 |     7 ||   120
       Punch             |     2 |       ||     2
 Cast: Ensorcelled Hiber |       |     3 ||     3
  Use: Potion            |       |     1 ||     1
 Stab: Sleeping          |    19 |     1 ||    20
Armor: Robe              |    12 |     1 ||    13
Dodge: Dodged            |    77 |     4 ||    81

Table legend: (Time is in decaauts)
 A = Elapsed time spent in this place.
 B = Non-inter-level travel time spent in this place.
 C = Inter-level travel time spent in this place.
 D = Time resting spent in this place.
 E = Time spent auto-exploring this place.
 F = Levels seen in this place.
 G = Mean time per level.
                   A        B        C        D        E       F      G
               +--------+--------+--------+--------+--------+-----+--------+
         Total |   2000 |   1872 |    128 |      0 |   1598 |   3 |  666.7 |
       Dungeon |   2000 |   1872 |    128 |      0 |   1598 |   3 |  666.7 |
               +--------+--------+--------+--------+--------+-----+--------+

Top non-repeatable levels by time:
     D:1: 984 daAuts
     D:2: 841 daAuts
     D:3: 174 daAuts
